 Dungeon Crawl Stone Soup version 0.25.1-1-g288607f5aa (webtiles) character file.

Game seed: 17552856981164104357

249 Milting the Skirmisher (level 6, -3/45 HPs)
             Began as an Octopode Transmuter on July 19, 2020.
             Slain by a hippogriff (5 damage)
             ... on level 4 of the Dungeon.
             The game lasted 00:10:36 (4081 turns).

Milting the Skirmisher (Octopode Transmuter)        Turns: 4081, Time: 00:10:37

Health: -3/45      AC:  1    Str: 11    XL:     6   Next: 12%
Magic:  9/9        EV: 14    Int: 15    God:
Gold:   183        SH:  0    Dex: 13    Spells: 8/9 levels left

rFire    . . .     SeeInvis .     - Unarmed
rCold    . . .     Gourm    .   (no shield)
rNeg     . . .     Faith    .   (helmet restricted)
rPois    .         Spirit   .   (no amulet)
rElec    .         Reflect  .   (no ring)
rCorr    .         Harm     .   (no ring)
MR       .....                  (no ring)
Stlth    +++.......             (no ring)
HPRegen  0.15/turn              (no ring)
MPRegen  0.11/turn              (no ring)
                                (no ring)
                                (no ring)

@: stab
A: almost no armour, stealthy swim, amphibious, 8 rings, constrict 8, camouflage
1, gelatinous body 1
a: no special abilities


You were on level 4 of the Dungeon.
You were not hungry.

You visited 1 branch of the dungeon, and saw 4 of its levels.

You collected 183 gold pieces.

Inventory:

Missiles
 a - 103 arrows
 e - 187 stones (quivered)
 t - 14 bolts
Scrolls
 d - 2 scrolls of remove curse {unknown}
 g - 2 scrolls of blinking {unknown}
 h - a scroll of enchant weapon {unknown}
 i - a scroll of amnesia {unknown}
 n - 3 scrolls of identify {unknown}
 p - 3 scrolls of teleportation {unknown}
 q - a scroll of noise {unknown}
 r - 2 scrolls of enchant armour {unknown}
 s - a scroll of magic mapping {unknown}
Potions
 b - a potion of mutation {unknown}
 f - a potion of haste {unknown}
 j - a potion of brilliance {unknown}
 l - a potion of stabbing
 m - 2 potions of curing {unknown}
 o - a potion of might {unknown}
Comestibles
 c - 8 rations


   Skills:
 - Level 5.0 Fighting
 + Level 2.9 Dodging
 + Level 3.6 Unarmed Combat
 - Level 2.0 Spellcasting
 - Level 2.0 Transmutations


You had 8 spell levels left.
You knew the following spells:

 Your Spells              Type           Power        Failure   Level  Hunger
a - Beastly Appendage     Tmut           #.....       10%         1    #......

Your spell library contained the following spells:

 Spells                   Type           Power        Failure   Level  Hunger
 Sticks to Snakes         Tmut           #.......     14%         2    ###....
 Spider Form              Tmut/Pois      #.........   41%         3    ###....
 Ice Form                 Ice/Tmut       #.......     82%         4    #####..
 Blade Hands              Tmut           #.........   95%         5    ######.


Dungeon Overview and Level Annotations

Branches:
Dungeon (4/15)
 Temple: D:4-7

Altars:
Dithmenos
Fedhas
Xom


Innate Abilities, Weirdness & Mutations

You cannot wear most types of armour.
You are very stealthy in the water. (Stealth+)
You are amphibious.
You can wear up to eight rings at the same time.
You can use your tentacles to constrict eight enemies at once.
Your skin changes colour to match your surroundings (Stealth+).
Your rubbery body absorbs attacks. (AC +1, EV +1)


Message History

The hippogriff is heavily wounded.
The hippogriff barely misses you. The hippogriff closely misses you.
The hippogriff misses you.
You tentacle-slap the hippogriff.
The hippogriff is heavily wounded.
The hippogriff misses you. The hippogriff pecks you.
* * * LOW HITPOINT WARNING * * *
The hippogriff barely misses you.
You tentacle-slap the hippogriff. Your squeeze misses the hippogriff.
The hippogriff is heavily wounded.
The hippogriff barely misses you. The hippogriff pecks you!
* * * LOW HITPOINT WARNING * * *
The hippogriff completely misses you.
Casting: Beastly Appendage (safe; 10% risk of failure)
Confirm with . or Enter, or press ? or * to list all spells.
Okay, then.
It was a potion of stabbing.
You feel ready to backstab. The hippogriff barely misses you.
The hippogriff pecks you.
You die...

.#
#≈≈..≈###..##.......#.......#8
##
###^###....##.###...##########
# #...####÷###.###...#.......#
#...# #.###.#.......#####.#
#...# #................##.# .#
#####'###.....##.##.##
#≈≈≈≈≈#.....##......
#≈≈≈≈≈#...........##
#≈≈@≈≈#....########
#≈≈H≈≈###### ###'### #.......#
#.#####.# .H # ##


You could see a hippogriff.

Vanquished Creatures
  A scorpion (D:4)
  2 hounds (D:4)
  A hound skeleton (D:4)
  Robin (D:3)
  4 adders (D:2)
  An ooze (D:2)
  An adder skeleton (D:4)
  2 worms
  2 leopard geckos (D:3)
  6 giant cockroaches
  18 goblins
  7 hobgoblins
  A quokka (D:4)
  A ball python zombie (D:2)
  5 bats
  3 frilled lizards (D:1)
  7 kobolds
  11 rats
74 creatures vanquished.

Notes
Turn   | Place    | Note
-------+----------+-------------------------------------------
     0 | D:1      | Milting the Octopode Transmuter began the quest for the
                  | Orb.
     0 | D:1      | Reached XP level 1. HP: 13/13 MP: 3/3
   278 | D:1      | Reached skill level 2 in Fighting
   278 | D:1      | Reached XP level 2. HP: 17/19 MP: 5/5
   978 | D:2      | Reached skill level 3 in Fighting
   978 | D:2      | Reached XP level 3. HP: 26/26 MP: 6/6
  1579 | D:2      | Reached XP level 4. HP: 27/33 MP: 5/7
  1657 | D:2      | Reached skill level 4 in Fighting
  2718 | D:3      | Found a blossoming altar of Fedhas.
  3090 | D:3      | Noticed Robin
  3102 | D:3      | Killed Robin
  3109 | D:3      | Reached XP level 5. HP: 29/38 MP: 8/8
  3513 | D:4      | Found a shimmering altar of Xom.
  3516 | D:4      | Found a shimmering altar of Xom.
  3535 | D:4      | Reached skill level 5 in Fighting
  3794 | D:4      | Found a shadowy altar of Dithmenos.
  3824 | D:4      | Reached XP level 6. HP: 34/45 MP: 9/9
  4063 | D:4      | Noticed a hippogriff
  4080 | D:4      | HP: 2/45 [hippogriff (7)]
  4081 | D:4      | Slain by a hippogriff

Illustrated notes

Levels and vault maps discovered:
D:1:      dpeg_arrival_round_a, layout_rooms
D:2:      layout_basic
D:3:      layout_loops_corners, lemuel_doored_altar, first_ration,
          chequers_hall_statues_wall_a, uniq_robin
D:4:      wad_crossroads, layout_loops_cross, nicolae_overflow_hidden_temple,
          xom_redecorated, chequers_serial_rivers_room_b,
          minmay_misc_feat_alley, uniq_menkaure

Skill      XL: |  1  2  3  4  5 |
---------------+----------------+-----
Fighting       | 2 3 4 5 |  5.0
Dodging        | |  2.9
Unarmed Combat | |  3.6
Spellcasting   | |  2.0
Transmutations | |  2.0

Action                   |  1- 3 |  4- 6 || total
-------------------------+-------+-------++-------
Melee: Unarmed           |    88 |    99 ||   187
       Constrict         |    18 |    23 ||    41
       Punch             |     4 |     1 ||     5
       Tentacles         |    10 |    22 ||    32
       Kick              |     1 |     3 ||     4
Throw: Stone             |    14 |    25 ||    39
 Cast: Beastly Appendage |     1 |     3 ||     4
  Use: Potion            |       |     1 ||     1
 Stab: Sleeping          |     4 |     5 ||     9
  Eat: Chunk             |     1 |     9 ||    10
Armor: Skin              |     6 |     2 ||     8
Dodge: Dodged            |    60 |    61 ||   121
